AoeStats
← BeefBro

Nomad

506731887Analyzed
4v4 RM · 19d ago on Sep 14, 2026· 49m 34s· 8 players
Game mode
Random Map
Map size
231×231
Population
200
Speed
Normal
Resources
Standard
Victory
Conquest
Starting age
Dark Age
Ending age
Imperial Age
RankedLock teamsTeams togetherTeam positionsShared explorationLock speedFull tech treeHidden civsTurbo modeCheats
Victory
Defeat
🇲🇾 Lithuanians · Malaysia
1818
+8
🇦🇺 Georgians · Australia
1816
+8
🇩🇪 Japanese · Germany
1802
+9
🇩🇪 Chinese · Germany
1796
+9
🇸🇮 Poles · Slovenia
1998
-22
🇺🇸 Inca · United States
1568
-6
🇱🇻 Tatars · Latvia
1472
-3
🇺🇸 Bengalis · United States
1387
-3
0653599
3:55 Loom
13:58 Feudal Age
16:58 Double-Bit Axe
19:41 Castle Age
21:11 Bow Saw
22:11 Horse Collar
24:12 Wheelbarrow
23:38 Heavy Plow
30:23 Gold Mining
36:31 Imperial Age
34:31 Scale Barding Armor
34:38 Stone Mining
35:42 Chain Barding Armor
36:31 Forging
37:16 Stone Shaft Mining
37:00 Bloodlines
37:25 Hand Cart
38:01 Plate Barding Armor
37:41 Husbandry
38:06 Conscription
38:59 Iron Casting
38:10 Elite Monaspa
39:55 Iron Casting
39:56 Ballistics
41:58 Blast Furnace
40:48 Fletching
41:06 Aznauri Cavalry
41:43 Masonry
42:23 Hoardings
44:06 Architecture
43:32 Bodkin Arrow
43:41 Arrowslits
44:46 Siege Engineers
44:52 Arrowslits
47:11 Bracer
49:53 Crop Rotation
B3rserk
12:08 Feudal Age
15:54 Castle Age
20:59 Double-Bit Axe
23:31 Scale Barding Armor
24:51 Loom
31:57 Fletching
38:23 Bow Saw
38:32 Horse Collar
41:34 Wheelbarrow
45:28 Imperial Age
43:55 Heavy Plow
45:25 Chain Barding Armor
45:35 Forging
46:12 Bloodlines
48:09 Hand Cart
47:59 Elite Leitis
50:30 Iron Casting
scout
13:38 Feudal Age
17:05 Castle Age
15:19 Double-Bit Axe
15:30 Fishing Lines
15:49 Fishing Lines
16:21 Fletching
18:01 Bow Saw
17:48 Bodkin Arrow
18:39 Gold Mining
22:15 Horse Collar
25:18 Heavy Plow
26:46 Husbandry
27:00 Bloodlines
27:24 Loom
29:01 Wheelbarrow
28:58 Thumb Ring
32:52 Imperial Age
30:33 Town Watch
31:42 Ballistics
33:45 Bracer
34:48 Chemistry
34:36 Gold Shaft Mining
34:31 Stone Mining
35:30 Hand Cart
35:17 Padded Archer Armor
37:00 Leather Archer Armor
36:45 Heavy Cavalry Archer
37:49 Kataparuto
38:15 Masonry
38:54 Parthian Tactics
39:27 Ring Archer Armor
40:42 Scale Mail Armor
41:30 Forging
42:24 Conscription
43:26 Siege Engineers
44:33 Treadmill Crane
47:14 Hoardings
47:21 Hoardings
46:52 Elite Skirmisher
48:52 Elite Skirmisher
50:24 Coinage
LM \ Molle
2:52 Loom
12:37 Feudal Age
13:19 Town Watch
16:36 Castle Age
14:51 Double-Bit Axe
15:08 Fishing Lines
15:43 Fletching
17:29 Medium Warships
17:31 Bow Saw
18:08 Bodkin Arrow
20:06 Gillnets
21:45 Wheelbarrow
22:27 Clinker Construction
23:02 Ballistics
23:28 Gold Mining
24:47 Horse Collar
26:42 Hand Cart
29:47 Gold Shaft Mining
29:03 Stone Mining
31:48 Imperial Age
32:23 Gold Shaft Mining
31:38 Stone Mining
31:50 Heavy Plow
32:49 Bracer
33:51 Chemistry
33:17 Heavy Warships
34:06 Two-Man Saw
33:28 Padded Archer Armor
34:01 Conscription
34:22 Careening
36:14 Leather Archer Armor
37:14 Rocketry
36:48 Elite Chu Ko Nu
40:05 Ring Archer Armor
41:45 Thumb Ring
42:50 Coinage
44:02 Heavy Rocket Cart
45:26 Great Wall
46:01 Capped Ram
48:22 Banking
48:16 Siege Ram
BeefBro
5:39 Loom
11:42 Feudal Age
12:11 Town Watch
16:44 Wheelbarrow
22:17 Castle Age
20:45 Fishing Lines
21:33 Gold Mining
24:03 Horse Collar
25:28 Double-Bit Axe
26:18 Bow Saw
26:02 Stone Mining
26:15 Heavy Plow
32:54 Ballistics
33:07 Hand Cart
35:52 Imperial Age
34:45 Paiks
35:22 Fletching
35:33 Padded Archer Armor
36:11 Hand Cart
36:03 Bodkin Arrow
37:01 Bracer
37:02 Padded Archer Armor
37:06 Husbandry
37:21 Bloodlines
38:49 Chemistry
38:29 Conscription
39:27 Leather Archer Armor
42:20 Ring Archer Armor
43:06 Gold Shaft Mining
44:19 Masonry
44:26 Elite Elephant Archer
45:31 Siege Elephant
48:13 Elite Skirmisher
Dovecar
13:45 Feudal Age
17:28 Castle Age
15:31 Double-Bit Axe
15:40 Fishing Lines
18:18 Bow Saw
18:08 Gillnets
19:07 Scale Barding Armor
19:48 Szlachta Privileges
20:29 Bloodlines
21:13 Chain Barding Armor
22:12 Husbandry
24:20 Forging
27:17 Horse Collar
33:33 Wheelbarrow
36:31 Hand Cart
39:18 Gold Mining
39:19 Stone Mining
42:45 Imperial Age
40:02 Loom
42:20 Iron Casting
41:47 Heavy Plow
42:45 Light Cavalry
42:48 Cavalier
44:36 Blast Furnace
44:05 Conscription
44:33 Winged Hussar
47:00 Lechitic Legacy
Liangyu
4:37 Loom
13:30 Feudal Age
14:18 Town Watch
17:16 Castle Age
15:07 Double-Bit Axe
15:27 Fishing Lines
16:55 Wheelbarrow
18:27 Bow Saw
19:33 Medium Warships
20:52 Horse Collar
24:02 Fletching
25:04 Heavy Plow
28:08 Gold Mining
30:30 Hand Cart
34:20 Imperial Age
33:31 Gold Shaft Mining
33:14 Bodkin Arrow
33:46 Padded Archer Armor
34:27 Ballistics
35:25 Conscription
35:07 Bracer
35:21 Bloodlines
36:48 Chemistry
35:32 Heavy Cavalry Archer
37:35 Leather Archer Armor
38:03 Elite Skirmisher
41:35 Ring Archer Armor
41:18 Masonry
41:07 Light Cavalry
41:49 Husbandry
42:19 Scale Barding Armor
41:48 Hussar
43:27 Chain Barding Armor
45:03 Plate Barding Armor
44:39 Forging
45:17 Silk Armor
49:21 Iron Casting
bipeng2008
4:27 Loom
12:20 Feudal Age
20:13 Castle Age
18:04 Fishing Lines
19:23 Double-Bit Axe
19:20 Horse Collar
21:04 Fletching
23:33 Pikeman
24:14 Squires
25:22 Heavy Plow
25:32 Bow Saw
29:16 Medium Warships
29:20 Bodkin Arrow
29:26 Padded Archer Armor
32:15 Gillnets
33:06 Wheelbarrow
35:54 Imperial Age
32:51 Champi Runner
33:33 Scale Mail Armor
33:43 Forging
34:16 Champi Warrior
35:13 Chain Mail Armor
36:35 Elite Champi Warrior
36:36 Halberdier
40:04 Plate Mail Armor
40:09 Iron Casting
40:11 Heavy Warships
40:37 Conscription
40:40 Bracer
40:56 Leather Archer Armor
43:21 Elite Skirmisher
44:33 Ring Archer Armor
45:03 Blast Furnace
45:47 Fabric Shields
47:13 Crop Rotation
49:29 Ballistics
50:09 Chemistry
49:12 Andean Sling
Connection lost

Rejoining the realm…

Still unreachable

The connection could not be restored.

Session expired

The server has moved on; the page needs a fresh start.